 Dungeon Sprint DCSS version 0.25.1-2-g60ff931df9 (webtiles) character file.

Game seed: 16175682651777819226

2261 funkygono the Protected (level 9, -2/135 HPs)
             Began as a Minotaur Fighter on Sept 5, 2020.
             Was an Elder of Okawaru.
             Slain by Sonja
             ... wielding a +0 dagger of distortion
              (6 damage)
             ... in the Dungeon (Sprint I: "Red Sonja").
             The game lasted 00:02:51 (1409 turns).

funkygono the Protected (Minotaur Fighter)          Turns: 1409, Time: 00:02:51

Health: -2/135     AC:  9    Str: 23    XL:     9   Next: 15%
Magic:  8/8        EV: 11    Int:  5    God:    Okawaru [****..]
Gold:   441        SH: 13    Dex: 11    Spells: 8/8 levels left

rFire    . . .     SeeInvis .   a - +0 flail
rCold    . . .     Gourm    .   c - +0 kite shield
rNeg     . . .     Faith    .   b - +0 scale mail
rPois    .         Spirit   .   (helmet restricted)
rElec    .         Reflect  .   (no cloak)
rCorr    .         Harm     .   (no gloves)
MR       .....     NoTele   +   (no boots)
Stlth    ..........             (no amulet)
HPRegen  0.32/turn              (no ring)
MPRegen  0.11/turn              (no ring)

@: berserking, lethally poisoned (-2 -> -2), flying, slowed
A: retaliatory headbutt, horns 2
a: Heroism, Renounce Religion


You were in the Dungeon.
You worshipped Okawaru.
Okawaru was greatly pleased with you.
You were hungry.

You visited 1 branch You collected 441 gold pieces.

Inventory:

Hand Weapons
 a - a +0 flail (weapon)
Armour
 b - a +0 scale mail (worn)
 c - a +0 kite shield (worn)
Wands
 l - a wand of random effects (17)
 m - a wand of digging (12)
Scrolls
 k - a scroll of blinking
Potions
 h - a potion of haste
 i - 2 potions of magic
 j - a potion of berserk rage
Comestibles
 f - a ration


   Skills:
 + Level 12.3 Fighting
 + Level 10.9 Maces & Flails
 + Level 13.8 Armour
 + Level 4.1 Dodging
 + Level 0.4 Stealth
 + Level 12.5 Shields


You had 8 spell levels left.
You didn't know any spells.
Your spell library was empty.

Dungeon Overview and Level Annotations

Branches:
Dungeon (1/1)

Altars:
Cheibriados
Dithmenos
Elyvilon
Fedhas
Gozag
Hepliaklqana
Kikubaaqudgha
Nemelex Xobeh
Okawaru
Qazlal
Ru
Sif Muna
Trog
Uskayaw
Vehumet
Wu Jian
Yredelemnul
Zin
The Shining One

Shops:
D }

Annotations:
D Sonja


Innate Abilities, Weirdness & Mutations

You reflexively headbutt those who attack you in melee.
You have a pair of horns on your head.


Message History

A red film seems to cover your vision as you go berserk!
You feel yourself moving faster!
You feel mighty! You block Sonja's attack. x2
Sonja hits you but does no damage. Space bends around you.
* * * LOW HITPOINT WARNING * * *
Sonja casts a spell.
Sonja blinks!
You feel a strong urge to attack something.
Sonja drinks a potion.
Sonja is healed!
You block Sonja's attack.
Sonja hits you with a +0 dagger of distortion.
* * * LOW HITPOINT WARNING * * *
Space warps horribly around you!!
* * * LOW HITPOINT WARNING * * *
Sonja barely misses you.
You completely miss Sonja. You headbutt Sonja!!
Sonja is almost dead.
You feel sick.
Sonja hits you with a +0 dagger of distortion.
* * * LOW HITPOINT WARNING * * *
Space warps horribly around you.
You die...

#..####..#...#.####§§#
#..#__####..##.#≈≈§§§#
#..#_____##'#_.§§§§§§+
#⌠⌠#_.∩...'...§#§§)§§#
####_..__##_.#+##'####
#_____###+# #.(..#
#########§####'###
+$.$(.....+
#$@$####### ##K## #+#


You could see Sonja.

Vanquished Creatures
  2 centaur warriors (D)
  A deep troll (D)
  Sigmund (D)
  A yak (D)
  An ogre (D)
  A jelly (D)
  Ijyb (D)
8 creatures vanquished.

Notes
Turn   | Place    | Note
-------+----------+-------------------------------------------
     0 | D        | funkygono the Minotaur Fighter began the quest for the Orb.
     0 | D        | Reached XP level 1. HP: 19/19 MP: 0/0
     1 | D        | Noticed Ijyb
    15 | D        | Killed Ijyb
    15 | D        | Reached skill level 5 in Fighting
    15 | D        | Reached skill level 5 in Armour
    15 | D        | Reached skill level 5 in Shields
    15 | D        | Reached XP level 2. HP: 17/29 MP: 1/1
   249 | D        | Noticed an ogre
   254 | D        | Killed an ogre
   254 | D        | Reached skill level 7 in Armour
   254 | D        | Reached XP level 3. HP: 11/39 MP: 2/2
   254 | D        | Reached XP level 4. HP: 13/47 MP: 3/3
   485 | D        | Noticed Sigmund
   496 | D        | Killed Sigmund
   496 | D        | Reached skill level 5 in Maces & Flails
   496 | D        | Reached skill level 9 in Armour
   496 | D        | Reached skill level 1 in Dodging
   496 | D        | Reached XP level 5. HP: 24/56 MP: 4/4
   682 | D        | Found an ornate altar of the Wu Jian Council.
   682 | D        | Found a shimmering blue altar of Sif Muna.
   684 | D        | Found a radiant altar of Vehumet.
   689 | D        | Reached XP level 6. HP: 56/63 MP: 5/5
   699 | D        | Found Meenun's Gadget Emporium.
   699 | D        | Found an ancient bone altar of Kikubaaqudgha.
   699 | D        | Found a hazy altar of Hepliaklqana.
   699 | D        | Found a stormy altar of Qazlal.
   699 | D        | Found a hide-covered altar of Uskayaw.
   699 | D        | Found a blossoming altar of Fedhas.
   699 | D        | Found a bloodstained altar of Trog.
   699 | D        | Found an iron altar of Okawaru.
   699 | D        | Found a basalt altar of Yredelemnul.
   699 | D        | Found a glowing golden altar of the Shining One.
   699 | D        | Found a snail-covered altar of Cheibriados.
   699 | D        | Found a sacrificial altar of Ru.
   699 | D        | Found a glowing silver altar of Zin.
   699 | D        | Found a shadowy altar of Dithmenos.
   699 | D        | Found a white marble altar of Elyvilon.
   699 | D        | Noticed a yak
   704 | D        | Killed a yak
   704 | D        | Reached skill level 10 in Armour
   705 | D        | Found an opulent altar of Gozag.
   706 | D        | Found a sparkling altar of Nemelex Xobeh.
   732 | D        | Became a worshipper of Warmaster Okawaru
   779 | D        | Noticed a centaur warrior
   780 | D        | Noticed a centaur warrior
   814 | D        | Killed a centaur warrior
   814 | D        | Reached * piety under Okawaru
   814 | D        | Reached ** piety under Okawaru
   814 | D        | Reached skill level 12 in Armour
   814 | D        | Reached XP level 7. HP: 22/74 MP: 6/6
   814 | D        | Reached XP level 8. HP: 24/82 MP: 7/7
   823 | D        | Killed a centaur warrior
   823 | D        | Reached skill level 10 in Maces & Flails
   823 | D        | Reached skill level 13 in Armour
  1150 | D        | Noticed a deep troll
  1159 | D        | Killed a deep troll
  1159 | D        | Reached *** piety under Okawaru
  1159 | D        | Reached **** piety under Okawaru
  1159 | D        | Reached XP level 9. HP: 28/90 MP: 8/8
  1400 | D        | Noticed Sonja
  1409 | D        | HP: 4/135 [Sonja/+0 dagger of distortion (4)]
  1409 | D        | Slain by Sonja

Illustrated notes

Levels and vault maps discovered:
D:        dungeon_sprint_1 [red_sonja_temple_1, red_sonja_temple_small_1]

Skill      XL: |  1  2  3  4  5  6  7  8 |
---------------+-------------------------+-----
Fighting       | 5 7 8 9 11 12 | 12.3
Maces & Flails | 3 4 5 6 9 10 | 10.9
Armour         | 5 7 9 12 13 | 13.8
Shields        | 5 6 8 11 12 | 12.5
Dodging        | 1 2 4 |  4.1
Stealth        | |  0.4

Action                   |  1- 3 |  4- 6 |  7- 9 || total
-------------------------+-------+-------+-------++-------
Melee: Flail             |    17 |    30 |    21 ||    68
       Headbutt          |     3 |     9 |     7 ||    19
  Use: Potion            |       |     2 |     3 ||     5
  Eat: Chunk             |       |       |     1 ||     1
Armor: Scale mail        |     4 |     5 |    11 ||    20
Dodge: Dodged            |     2 |    16 |    16 ||    34
Block: Kite shield       |     9 |    20 |    26 ||    55
